 Dungeon Crawl Stone Soup version 0.21.1-1-g345015f (webtiles) character file.

52 spiff the Chucker (level 3, -4/35 HPs)
             Began as a Troll Hunter on July 11, 2018.
             Killed from afar by Sigmund (6 damage)
             ... with a magic dart
             ... on level 2 of the Dungeon.
             The game lasted 00:02:23 (971 turns).

spiff the Chucker (Troll Hunter)                     Turns: 971, Time: 00:02:24

Health: -4/35      AC:  5    Str: 21    XL:     3   Next: 60%
Magic:  2/2        EV: 10    Int:  7    God:
Gold:   55         SH:  0    Dex: 10    Spells: 2/2 levels left

rFire    . . .     SeeInvis .     - Unarmed
rCold    . . .     Gourm    +   (no shield)
rNeg     . . .     Faith    .   b - +0 robe
rPois    .         Spirit   .   (helmet restricted)
rElec    .         Reflect  .   (no cloak)
rCorr    .         Harm     .   (gloves unavailable)
MR       .....                  (boots unavailable)
Stlth    +.........             (no amulet)
HPRegen  0.51/turn              (no ring)
MPRegen  0.08/turn              (no ring)

@: no status effects
A: large, unfitting armour, claws 3, fast metabolism 3, gourmand, regeneration
1, shaggy fur 1, tough skin 2
a: no special abilities


You were on level 2 of the Dungeon.
You were very full.

You visited 1 branch of the dungeon, and saw 2 of its levels.

You collected 55 gold pieces.

Inventory:

Missiles
 c - 5 large rocks (quivered)
 d - 2 throwing nets
Armour
 b - a +0 robe (worn)
Scrolls
 a - a scroll of teleportation {unknown}
 i - a scroll of identify {unknown}
Potions
 e - a potion of curing {unknown}
 h - a potion of haste
Comestibles
 f - 5 rations
 g - 5 chunks of flesh


   Skills:
 + Level 2.0 Fighting
 + Level 3.9 Throwing
 + Level 2.0 Dodging
 + Level 1.0 Stealth
 + Level 1.1 Unarmed Combat


You had 2 spell levels left.
You didn't know any spells.

Dungeon Overview and Level Annotations

Branches:
Dungeon (2/15)

Altars:
Cheibriados
The Shining One

Annotations:
D:2 Sigmund


Innate Abilities, Weirdness & Mutations

You are too large for most types of armour.
You have claws for hands.
Your metabolism is lightning-fast.
You like to eat raw meat.
Your natural rate of healing is unusually fast.
You are covered in fur. (AC +1)
You have very tough skin. (AC +2)


Message History

Sigmund flickers and vanishes!
Deactivating autopickup; reactivate with Ctrl-A.
There is an open door here.
You closely miss the goblin.
The goblin is almost dead.
The goblin barely misses you. Something hits you!
You claw the goblin!
You kill the goblin!
Something hits you.
You hear some strange, mumbled words.
A magic dart appears from out of thin air!
The magic dart hits you!
You claw something! Something hits you!
* * * LOW HITPOINT WARNING * * *
You scratch something but do no damage. Something hits you but does no damage.
You closely miss something.
You hear some strange, mumbled words.
A magic dart appears from out of thin air!
The magic dart hits you!
You die...

#...........#
##..#
#.#########.#
#..# #.# .#
#..# #.#
#######.#
##.# #.#
#........
#.## #.#
#........
#..#
#.###.!......
##.#
#.#.{.?......
#.#
#.#@#........
#.#
#.#.#..r.....
#.>
#.#.#........
##.
#.#.#........
#.
#.#.#........
#.
#.#.#........
#.
#.#.#########
#. #.#.#
###########.
#.#.#
#...........


There were no monsters in sight!

Vanquished Creatures
  An adder (D:2)
  A worm (D:2)
  2 ball pythons
  2 giant cockroaches (D:1)
  7 hobgoblins
  4 jackals (D:2)
  4 bats
  A frilled lizard (D:1)
  5 goblins
  5 kobolds
  6 rats
38 creatures vanquished.

Notes
Turn   | Place    | Note
-------+----------+-------------------------------------------
     0 | D:1      | spiff the Troll Hunter began the quest for the Orb.
     0 | D:1      | Reached XP level 1. HP: 19/19 MP: 0/0
    98 | D:1      | Reached XP level 2. HP: 24/28 MP: 1/1
   425 | D:1      | Found a glowing golden altar of the Shining One.
   649 | D:2      | Reached skill level 1 in Unarmed Combat
   649 | D:2      | Reached XP level 3. HP: 17/35 MP: 2/2
   805 | D:2      | Found a snail-covered altar of Cheibriados.
   910 | D:2      | Reached skill level 1 in Stealth
   959 | D:2      | Noticed Sigmund
   969 | D:2      | HP: 1/35 [something (15)]
   971 | D:2      | Killed from afar by Sigmund

Skill      XL: |  1  2  3 |
---------------+----------+-----
Unarmed Combat | 1 |  1.1
Dodging        | 2 |  2.0
Fighting       | 2 |  2.0
Stealth        | 1 |  1.0
Throwing       | |  3.9

Action                   || total
-------------------------++-------
Melee: Unarmed           ||   120
       Short sword       ||     1
 Stab: Sleeping          ||     3
  Eat: Chunk             ||    14
Armor: Robe              ||    44
Dodge: Dodged            ||    52
